 Dungeon Crawl Stone Soup version 0.31-a0-43-g46d131a48f (webtiles) character file.

Game seed: 10269072138226091939

2744 iucounu the Spear-Bearer (level 9, -3/133 (145) HPs)
             Began as an Ogre Berserker on May 18, 2023.
             Was an Elder of Trog.
             Slain by a gnoll sergeant
             ... wielding a +0 trident
              (15 damage)
             ... on level 8 of the Dungeon.
             The game lasted 00:40:36 (6491 turns).

iucounu the Spear-Bearer (Ogre Berserker)           Turns: 6491, Time: 00:40:37

HP:   -3/133 (145)  AC:  5    Str: 25    XL:     9   Next: 68%
MP:   9/9           EV: 11    Int: 14    God:    Trog [****..]
Gold: 334           SH:  0    Dex: 10    Spells: 8/8 levels left

rFire   + . .        v - +6 demon trident (elec)
rCold   . . .        (no shield)
rNeg    . . .        s - +1 robe {rF+}
rPois   .            r - +1 hat {Stlth+}
rElec   .            (no cloak)
rCorr   .            (gloves unavailable)
SInv    .            (boots unavailable)
Will    .....        f - amulet of regeneration Stlth
                     m - ring of wizardry
HPRegen 1.22/turn    H - +6 ring of intelligence
MPRegen 0.11/turn

%: wizardry (x1)
@: berserking (expiring), drained, very quick
A: large, unfitting armour, tough skin 1
a: Renounce Religion, Berserk, Trog's Hand, Brothers in Arms


You were on level 8 of the Dungeon.
You worshipped Trog.
Trog was greatly pleased with you.
You visited 1 branch of the dungeon, and saw 8 of its levels.

You collected 334 gold pieces.

Inventory:

Hand Weapons
 a - a +0 spear
 c - a +0 dagger
 u - a +0 scythe
 v - a +6 demon trident of electrocution (weapon)
 F - the +2 hand axe "Cele" {heavy, rElec rC+ Int-4 Stlth+}
   (You found it on level 5 of the Dungeon)

   Int:       It affects your intelligence (-4).
   rC:        It protects you from cold.
   rElec:     It insulates you from electricity.
   Stlth:     It makes you more stealthy.
 L - a +0 giant club
 M - a +2 rapier of flaming
 Q - a +0 shortbow
 R - a +1 vampiric falchion
 U - the +9 sword of Power {lifebolt}
   (You found it on level 7 of the Dungeon)
 V - a +2 trident of freezing
 W - a +0 halberd of protection
Missiles
 e - 63 stones
 l - 5 poisoned darts
 p - 3 boomerangs of dispersal
Armour
 b - a +0 animal skin
 h - a +0 leather armour
 i - a +0 ring mail
 r - a +1 hat of stealth (worn)
 s - a +1 robe of fire resistance (worn)
 z - a +0 pair of gloves
 K - an orb of wrath
 P - a +1 robe of fire resistance
Magical Staves
 y - a staff of conjuration
 T - a staff of fire
Jewellery
 f - an amulet of regeneration (around neck)
 m - a ring of wizardry (left hand)
 H - a +6 ring of intelligence (right hand)
 J - a +6 ring of intelligence
 N - the amulet of Utyowe {Faith Str+7}
   (You found it on level 6 of the Dungeon)

   [amulet of faith]

   It allows you to gain divine favour quickly.
   Str:       It affects your strength (+7).
Scrolls
 k - a scroll of brand weapon {unknown}
 n - 6 scrolls of teleportation
 o - 2 scrolls of immolation {unknown}
 t - a scroll of magic mapping {unknown}
 x - a scroll of fog {unknown}
 C - a scroll of noise {unknown}
 E - 2 scrolls of amnesia {unknown}
 G - 2 scrolls of poison {unknown}
 O - 2 scrolls of identify
Potions
 d - 2 potions of might
 g - 3 potions of attraction
 j - 2 potions of haste
 q - a potion of brilliance
 w - a potion of mutation
 A - a potion of magic
 B - a potion of ambrosia
 D - a potion of curing
 I - 2 potions of flight {unknown}
 S - a potion of berserk rage


   Skills:
 + Level 8.9 Fighting
 + Level 9.4 Polearms
 + Level 5.3 Dodging
 + Level 4.0 Stealth


You had 8 spell levels left.
You didn't know any spells.
Your spell library contained the following spells:

 Spells                   Type           Power      Damage    Failure   Level
 Blink                    Tloc           0%         N/A       17%         2
 Inner Flame              Hex/Fire       0%         N/A       32%         3
 Anguish                  Hex/Necr       0%         N/A       71%         4
 Cause Fear               Hex            0%         N/A       71%         4
 Manifold Assault         Tloc           0%         N/A       71%         4
 Blade Hands              Tmut           0%         N/A       95%         5
 Irradiate                Conj/Tmut      0%         3d11      95%         5
 Yara's Violent Unravell  Hex/Tmut       0%         3d3       95%         5
 Dragon Form              Tmut           0%         N/A       100%        7
 Enfeeble                 Hex            0%         N/A       100%        7
 Storm Form               Tmut/Air       0%         N/A       100%        7


Dungeon Overview and Level Annotations

Branches:
Dungeon (8/15)             Temple (0/1) D:5
   Lair: D:8-11

Altars:
Ashenzari
Elyvilon
Ru

Shops:
D:3 *   D:6 :

Annotations:
D:8 Blork the orc


Innate Abilities, Weirdness & Mutations

You are too large for most types of armour.
You have tough skin. (AC +1)


Message History

* * * LOW HITPOINT WARNING * * *
The wight misses you.
There is a stone staircase leading up, spattered with blood here.
Things that are here:
a +4 falchion; a +0 scale mail You hit the wight.
Lightning courses through the wight!!
You destroy the wight!
Trog accepts your kill.
The gnoll sergeant hits you with a +0 trident!
* * * LOW HITPOINT WARNING * * *
Things that are here:
a +0 falchion; a +0 scale mail; a +0 kite shield The gnoll sergeant blocks your attack.
The orc warrior hits you but does no damage.
The gnoll sergeant hits you with a +0 trident.
* * * LOW HITPOINT WARNING * * *
The gnoll sergeant blocks your attack.
You impale the gnoll sergeant!!
The gnoll sergeant is almost dead.
The orc warrior hits you with a +0 great sword.
* * * LOW HITPOINT WARNING * * *
The gnoll sergeant misses you. The gnoll sergeant blocks your attack.
The gnoll sergeant is almost dead.
The gnoll sergeant hits you from afar with a +0 trident.
* * * LOW HITPOINT WARNING * * *
There is a stone staircase leading up, spattered with blood here.
Things that are here:
a +4 falchion; a +0 scale mail You barely miss the orc warrior.
The orc warrior hits you with a +0 great sword!
* * * LOW HITPOINT WARNING * * *
The gnoll sergeant closely misses you.
You barely miss the orc warrior. You puncture the orc warrior!
The orc warrior is moderately wounded.
The orc warrior hits you with a +0 great sword.
* * * LOW HITPOINT WARNING * * *
The gnoll sergeant hits you from afar with a +0 trident!
You die...

## #.
#.### #...
#..######
#.go@...#
#.o####.#
#....##.#.
#.........
##........
...o###..
##...#)#..
#...###..
#........


You could see Blork the orc, an orc warrior and a gnoll sergeant.

Vanquished Creatures
  Grinder (D:6)
  Sigmund (D:3)
  A steam dragon (D:5)
  Menkaure (D:7)
  3 water moccasins
  An orc warrior (D:7)
  A black bear (D:6)
  An ogre (D:5)
  A centaur (D:7)
  2 phantoms
  A bullfrog (D:6)
  A scorpion (D:4)
  6 wights
  A howler monkey (D:6)
  3 jellies
  2 gnoll boudas
  4 orc priests
  3 hounds
  A sleepcap (D:4)
  4 iguanas
  3 orc wizards
  4 gnolls (D:7)
  7 adders
  3 shadow imps
  A white imp (D:6)
  3 ufetubi
  3 worms
  2 dart slugs
  16 orcs
  6 ball pythons
  6 bats
  2 endoplasms
  3 giant cockroaches
  6 goblins
  6 hobgoblins
  2 jackals (D:3)
  7 quokkas
  7 frilled lizards
  11 kobolds
  3 rats (D:1)
140 creatures vanquished.

Vanquished Creatures (others)
  A phantom (D:5)
1 creature vanquished.

Grand Total: 141 creatures vanquished

Notes
Turn   | Place    | Note
-------+----------+-------------------------------------------
     0 | D:1      | iucounu the Ogre Berserker began the quest for the Orb.
     0 | D:1      | Reached XP level 1. HP: 24/24 MP: 1/1
   156 | D:1      | Reached XP level 2. HP: 32/32 MP: 2/2
   372 | D:1      | Found a faded altar of an unknown god.
   508 | D:1      | Reached ** piety under Trog
   516 | D:1      | Reached XP level 3. HP: 22/40 MP: 3/3
  1373 | D:2      | HP: 2/41 [poisoned by an adder]
  1375 | D:2      | Reached XP level 4. HP: 1/49 MP: 4/4
  1452 | D:2      | Reached skill level 5 in Fighting
  2104 | D:3      | Reached skill level 4 in Polearms
  2124 | D:3      | Identified 2 scrolls of acquirement
  2129 | D:3      | Noticed Sigmund
  2152 | D:3      | Reached XP level 5. HP: 32/57 MP: 5/5
  2183 | D:3      | Killed Sigmund
  2184 | D:3      | Reached XP level 6. HP: 25/67 MP: 6/6
  2280 | D:3      | Acquired a +6 demon trident of electrocution
  2285 | D:3      | Acquired a +1 hat of stealth
  2446 | D:3      | Reached skill level 5 in Polearms
  2721 | D:3      | Found Hausses's General Store.
  2923 | D:4      | Found a white marble altar of Elyvilon.
  3023 | D:4      | Reached skill level 1 in Stealth
  3313 | D:4      | Reached XP level 7. HP: 71/75 MP: 7/7
  3398 | D:4      | Found a sacrificial altar of Ru.
  3655 | D:4      | Found a sand-covered staircase.
  3820 | D:4      | Reached *** piety under Trog
  3877 | D:5      | Entered Level 5 of the Dungeon
  3976 | D:5      | Found a staircase to the Ecumenical Temple.
  3997 | D:5      | Identified the +2 hand axe "Cele" {heavy, rElec rC+ Int-4
                  | Stlth+}
  4017 | D:5      | Reached skill level 6 in Polearms
  4135 | D:5      | Reached XP level 8. HP: 79/87 MP: 8/8
  4207 | D:5      | Reached skill level 7 in Polearms
  4580 | D:6      | Noticed Grinder
  4587 | D:6      | Killed Grinder
  4652 | D:6      | Reached skill level 8 in Polearms
  4845 | D:6      | Found Tuliul's Tremendous Tomes.
  4904 | D:6      | Identified the amulet of Utyowe {Faith Str+7}
  5139 | D:6      | Reached XP level 9. HP: 96/96 MP: 9/9
  5140 | D:6      | Found a broken altar of Ashenzari.
  5427 | D:6      | Reached skill level 5 in Dodging
  5763 | D:7      | Noticed Menkaure
  5772 | D:7      | Killed Menkaure
  5823 | D:7      | Found the +9 sword of Power {lifebolt}
  5911 | D:7      | Reached skill level 9 in Polearms
  5996 | D:7      | Reached **** piety under Trog
  6467 | D:8      | Noticed Blork the orc
  6491 | D:8      | Slain by a gnoll sergeant

Illustrated notes

Levels and vault maps discovered:
D:1:      ncdulo_smallfort, layout_loops_ring, chequers_ecumenical_altar_island,
          lexackson_kobold_supper
D:2:      layout_basic
D:3:      minmay_inner_zag, layout_basic, serial_shops,
          nicolae_shop_real_fake_doors, serial_corexii_hall,
          chequers_hall_statues_wall_a, corexii_hall_statues_u, uniq_sigmund
D:4:      layout_gridville, mainiacjoe_overflow_tiny_flanked,
          nicolae_ossuary_entry_false_entrances, minmay_ruined_shrine
D:5:      layout_gridville, minmay_temple_entry_mist,
          minmay_misc_feat_more_columns
D:6:      layout_loops_corners, nicolae_ashenzari_skybound,
          nicolae_shop_i_like_big_books, kennysheep_nondescript,
          kennysheep_opposing_triangles, uniq_grinder
D:7:      layout_loops_cross, nicolae_figureground_sparkle, uniq_menkaure
D:8:      layout_basic, david_lair_shrubbed, sword_in_stone

Skill      XL: |  1  2  3  4  5  6  7  8  9 |
---------------+----------------------------+-----
Dodging        | 3 4 5 |  5.3
Fighting       | 5 6 7 8 |  8.9
Polearms       | 4 5 6 8 9 |  9.4
Stealth        | 1 2 3 4 |  4.0

Action                     |  1- 3 |  4- 6 |  7- 9 || total
---------------------------+-------+-------+-------++-------
  Melee: Spear             |   104 |   114 |       ||   218
         Punch             |       |     2 |     3 ||     5
         Demon trident     |       |    40 |   156 ||   196
 Invoke: Trog's Hand       |     1 |     1 |       ||     2
         Berserk           |     1 |       |     3 ||     4
    Use: Scroll            |     4 |     5 |     3 ||    12
         Potion            |       |     3 |       ||     3
   Stab: Sleeping          |       |     4 |    10 ||    14
 Armour: Animal skin       |    41 |    42 |       ||    83
         Robe              |       |     9 |    30 ||    39
  Dodge: Dodged            |    54 |    80 |    78 ||   212

Table legend: (Time is in decaauts)
 A = Elapsed time spent in this place.
 B = Non-inter-level travel time spent in this place.
 C = Inter-level travel time spent in this place.
 D = Time resting spent in this place.
 E = Time spent auto-exploring this place.
 F = Levels seen in this place.
 G = Mean time per level.
                   A        B        C        D        E       F      G
               +--------+--------+--------+--------+--------+-----+--------+
         Total |   6480 |   6480 |      0 |      0 |   2445 |   8 |  810.0 |
       Dungeon |   6480 |   6480 |      0 |      0 |   2445 |   8 |  810.0 |
               +--------+--------+--------+--------+--------+-----+--------+

Top non-repeatable levels by time:
     D:6: 1122 daAuts
     D:1: 1067 daAuts
     D:3: 982 daAuts
     D:4: 962 daAuts
     D:2: 855 daAuts
     D:7: 777 daAuts
     D:5: 688 daAuts
     D:8: 22 daAuts
